 Dungeon Crawl Stone Soup version 0.31-a0-1099-g7fa767f3fe (webtiles) character file.

Game seed: 15237182399203269751

571 Azuregosa the Covert (level 7, -5/46 HPs)
             Began as an Octopode Delver on Dec 1, 2023.
             Was an Initiate of Gozag.
             Slain by Edmund
             ... wielding a +3 heavy flail
              (12 damage)
             ... on level 5 of the Dungeon.
             The game lasted 00:13:08 (3802 turns).

Azuregosa the Covert (Octopode Delver)              Turns: 3802, Time: 00:13:11

Health: -5/46      AC:  8    Str: 11    XL:     7   Next: 34%
Magic:  19/19      EV: 12    Int: 15    God:    Gozag
Gold:   799        SH:  4    Dex: 13    Spells: 10/11 levels left

rFire   . . .        i - +0 short sword (protect)
rCold   . . .        v - +0 buckler
rNeg    . . .        (helmet restricted)
rPois   .            (no amulet)
rElec   .            y - ring of magical power
rCorr   .            (no ring)
SInv    .            (no ring)
Will    .....        (no ring)
Stlth   +++++        (no ring)
HPRegen 0.27/turn    (no ring)
MPRegen 0.16/turn    (no ring)
                     (no ring)

%: no passive effects
@: under a protective aura
A: almost no armour, amphibious, 8 rings, camouflage 1, gelatinous body 1,
(nimble swimmer 1), tentacles
a: Renounce Religion, Potion Petition, Call Merchant, Bribe Branch


You were on level 5 of the Dungeon.
You worshipped Gozag.
Gozag was pleased with you.
You visited 2 branches of the dungeon, and saw 6 of its levels.
You also visited: Sewer.

You collected 830 gold pieces.
You paid 31 gold pieces to Gozag.

Inventory:

Hand Weapons
 a - a +0 hand axe
 i - a +0 short sword of protection (weapon)
Missiles
 c - 16 stones
 t - 3 poisoned darts
 x - 4 throwing nets
Armour
 v - a +0 buckler (worn)
Magical Staves
 w - a staff of earth
Jewellery
 y - a ring of magical power (left tentacle)
Wands
 f - a wand of digging (3)
Scrolls
 b - a scroll of fog
 d - a scroll of fear
 g - 4 scrolls of identify {unknown}
 h - a scroll of acquirement {unknown}
 k - a scroll of amnesia {unknown}
 n - 2 scrolls of teleportation {unknown}
 o - a scroll of noise {unknown}
 p - a scroll of blinking {unknown}
Potions
 e - 3 potions of haste
 j - 2 potions of attraction {unknown}
 l - 2 potions of brilliance {unknown}
 m - a potion of might {unknown}
 q - a potion of curing {unknown}
 r - 4 potions of degeneration {unknown}
 s - a potion of cancellation {unknown}
 u - a potion of heal wounds {unknown}


   Skills:
 - Level 3.4 Fighting
 - Level 2.0 Axes
 - Level 2.0 Dodging
 - Level 10.3 Stealth
 + Level 1.6 Shields
 + Level 2.5 Spellcasting
 + Level 2.8 Summonings


You had 10 spell levels left.
You knew the following spells:

 Your Spells              Type           Power      Damage    Failure   Level
a - Summon Small Mammal   Summ           40%        N/A       10%         1

Your spell library contained the following spells:

 Spells                   Type           Power      Damage    Failure   Level
 Apportation              Tloc           2%         N/A       30%         1
 Necrotise                Necr           4%         1d4       30%         1


Dungeon Overview and Level Annotations

Branches:
Dungeon (5/15)             Temple (1/1) D:5           Sewer (visited)

Altars:
Fedhas
Gozag
Hepliaklqana
Makhleb
Nemelex Xobeh
Qazlal
Ru
Trog
Vehumet
Xom
Zin
The Shining One

Annotations:
D:4 3 runed translucent doors, ongoing's ghost, amateur OgSh
D:5 Edmund
Temple 2 transporters


Innate Abilities, Weirdness & Mutations

You cannot wear most types of armour.
You are amphibious.
You can wear up to eight rings at the same time.
Your skin changes colour to match your surroundings (Stealth+).
Your rubbery body absorbs attacks. (AC +1, EV +1)
((You are camouflaged when in or above water. (Stealth+)))
You have tentacles for arms and can constrict up to eight enemies at once.


Message History

You grab Edmund. You squeeze Edmund.
Edmund is lightly wounded.
You constrict Edmund, but do no damage. Edmund closely misses you.
You hit Edmund but do no damage. You squeeze Edmund!
Edmund is moderately wounded.
You constrict Edmund. Edmund hits you with a +3 heavy flail!
You hit Edmund but do no damage.
Edmund is moderately wounded.
You constrict Edmund, but do no damage. Edmund hits you with a +3 heavy flail.
You hit Edmund but do no damage.
You tentacle-slap Edmund, but do no damage.
You squeeze Edmund.
Edmund is heavily wounded.
You constrict Edmund, but do no damage. You hit Edmund but do no damage.
You tentacle-slap Edmund, but do no damage.
Edmund is heavily wounded.
You constrict Edmund, but do no damage. You block Edmund's attack.
You hit Edmund but do no damage.
Edmund is heavily wounded.
You constrict Edmund, but do no damage. Edmund closely misses you.
You hit Edmund but do no damage.
Edmund is heavily wounded.
You constrict Edmund. You hit Edmund. You squeeze Edmund, but do no damage.
Edmund is heavily wounded.
You constrict Edmund. Edmund hits you with a +3 heavy flail!
You barely miss Edmund. You squeeze Edmund.
Edmund is severely wounded.
You constrict Edmund. Edmund hits you with a +3 heavy flail!
* * * LOW HITPOINT WARNING * * *
As you read the scroll of fear, it crumbles to dust.
You assume a fearsome visage.
Edmund looks frightened!
You constrict Edmund. You hit Edmund.
Your attack snaps Edmund out of his fear.
Edmund is severely wounded.
You constrict Edmund. Edmund hits you with a +3 heavy flail!
You die...
Edmund whines, "They better pay attention to me now!"
Your body crumbles into a pile of gold.

***#...........# *,,,,,,,,,,,
###..............# **,,,,,,,,,,
.................# **,,,,,,,,,
...#.............# **,,,,,,,,
#**#............#* ########......
# #............# ###########....
#............###..#########.##
#............@##....)######.##
####..........##@.........####...
#.............###..........###...
#.⌠8.#....)..## #...........#.###
.........##### ##.........>..###
>.⌠8.####* ##.......>..####
.....# ##........##### #.⌠8.#
#........####. *....#
##........###. *###.#
##..####...##.


You could see Edmund.

Vanquished Creatures
  Pargi (Sewer)
  A phantom (D:4)
  3 hounds
  An orc priest (D:3)
  2 iguanas
  4 gnolls
  8 adders
  A shadow imp (D:5)
  2 worms
  3 dart slugs
  2 orcs (D:3)
  10 bats
  6 endoplasms
  8 giant cockroaches
  11 goblins
  6 hobgoblins
  5 jackals
  7 quokkas
  6 ball pythons
  3 frilled lizards
  5 kobolds
  10 rats
105 creatures vanquished.

Notes
Turn   | Place    | Note
-------+----------+-------------------------------------------
     0 | D:5      | Azuregosa the Octopode Delver began the quest for the Orb.
     0 | D:5      | Reached XP level 1. HP: 16/16 MP: 1/1
    18 | D:5      | Noticed Edmund
    59 | D:5      | Noticed a black bear
    72 | D:5      | Noticed a hound
    78 | D:5      | Killed a hound
    79 | D:5      | Reached skill level 8 in Stealth
    79 | D:5      | Reached XP level 2. HP: 12/21 MP: 2/2
    79 | D:5      | Reached XP level 3. HP: 15/26 MP: 3/3
   127 | D:5      | Identified the +3 ring mail of Boiling Hail {rPois Int+3
                  | Dex-3}
   209 | D:5      | Found a staircase to the Ecumenical Temple.
   219 | Temple   | Found a transporter.
   219 | Temple   | Found a transporter.
   219 | Temple   | Found a transporter.
   219 | Temple   | Found a transporter.
   219 | Temple   | Entered the Ecumenical Temple
   305 | D:4      | Reached XP level 4. HP: 30/31 MP: 4/4
   366 | D:4      | Reached skill level 9 in Stealth
   428 | D:4      | Noticed a phantom
   623 | Temple   | Became a worshipper of Gozag Ym Sagoz the Greedy
   671 | D:3      | Found a glowing drain.
   692 | Sewer    | Entered a sewer
   710 | Sewer    | Noticed Pargi
   722 | Sewer    | Killed Pargi
   723 | Sewer    | Reached skill level 10 in Stealth
   723 | Sewer    | Reached XP level 5. HP: 13/36 MP: 5/5
  1040 | D:3      | Reached XP level 6. HP: 42/42 MP: 6/6
  1051 | D:3      | Learned a level 1 spell: Summon Small Mammal
  1168 | D:2      | Reached skill level 1 in Spellcasting
  1168 | D:2      | Reached skill level 1 in Summonings
  2629 | D:3      | Found a sparkling altar of Nemelex Xobeh.
  2833 | D:3      | Reached XP level 7. HP: 46/46 MP: 10/10
  3165 | D:4      | Reached skill level 1 in Shields
  3696 | D:4      | Found a runed translucent gate.
  3696 | D:4      | Found a runed translucent gate.
  3696 | D:4      | Found a runed translucent gate.
  3699 | D:4      | Noticed ongoing's ghost (amateur OgSh)
  3802 | D:5      | Slain by Edmund

Illustrated notes

Levels and vault maps discovered:
D:1:      orjb1_lava_funnel, layout_loops_cross, serial_bayou_pond_e
D:2:      layout_loops_cross
D:3:      minmay_chambers_of_twos, layout_rooms,
          mainiacjoe_overflow_cross_hatched, cheibrodos_sewer_entry_sluice,
          grunt_decor_fettered
D:4:      layout_layer_cave, gammafunk_ghost_nasty_kobolds
D:5:      layout_cave_pods, minitemple, minmay_temple_entry_drinking_statues,
          uniq_edmund
Temple:   hellmonk_temple_divided_pantheon

Skill      XL: |  1  2  3  4  5  6  7 |
---------------+----------------------+-----
Stealth        | 8 10 | 10.3
Spellcasting   | 2 |  2.5
Summonings     | 2 |  2.8
Shields        | 1 |  1.6
Fighting       | |  3.4
Axes           | |  2.0
Dodging        | |  2.0

Action                     |  1- 3 |  4- 6 |  7- 9 || total
---------------------------+-------+-------+-------++-------
  Melee: Hand axe          |    12 |       |       ||    12
         Tentacles         |     4 |    32 |    10 ||    46
         Constrict         |     3 |    34 |     4 ||    41
         Short sword       |     5 |   166 |    56 ||   227
         Punch             |     1 |     2 |     2 ||     5
    Use: Scroll            |     1 |       |     1 ||     2
   Stab: Sleeping          |     2 |    37 |    11 ||    50
         Distracted        |       |       |     1 ||     1
 Armour: Skin              |    10 |    69 |    19 ||    98
  Dodge: Dodged            |     7 |    89 |    17 ||   113
  Block: Buckler           |       |     3 |     6 ||     9

Table legend: (Time is in decaauts)
 A = Elapsed time spent in this place.
 B = Non-inter-level travel time spent in this place.
 C = Inter-level travel time spent in this place.
 D = Time resting spent in this place.
 E = Time spent auto-exploring this place.
 F = Levels seen in this place.
 G = Mean time per level.
                   A        B        C        D        E       F      G
               +--------+--------+--------+--------+--------+-----+--------+
         Total |   3811 |   3677 |    134 |    357 |   1967 |   7 |  544.4 |
       Dungeon |   3482 |   3348 |    134 |    259 |   1901 |   5 |  696.4 |
        Temple |     77 |     77 |      0 |      0 |      0 |   1 |   77.0 |
         Sewer |    251 |    251 |      0 |     98 |     66 |   1 |  251.0 |
               +--------+--------+--------+--------+--------+-----+--------+

Top non-repeatable levels by time:
     D:4: 982 daAuts
     D:3: 899 daAuts
     D:2: 674 daAuts
     D:1: 635 daAuts
     D:5: 290 daAuts
   Sewer: 251 daAuts
  Temple: 77 daAuts
